 Dungeon Crawl Stone Soup version 0.27-a0-1431-gcffa5a9b16 (webtiles) character file.

Game seed: 8804067692829239322

100 Sobieck the Sneak (level 4, 0/27 HPs)
             Began as an Octopode Venom Mage on July 2, 2021.
             Slain by a jackal (2 damage)
             ... on level 2 of the Dungeon.
             The game lasted 00:07:39 (2825 turns).

Sobieck the Sneak (Octopode Venom Mage)             Turns: 2825, Time: 00:07:39

Health: 0/27       AC:  1    Str:  7    XL:     4   Next: 74%
Magic:  6/9        EV: 13    Int: 18    God:
Gold:   101        SH:  0    Dex: 12    Spells: 6/9 levels left

rFire    . . .     SeeInvis .   (no weapon)
rCold    . . .     Faith    .   (no shield)
rNeg     . . .     Spirit   .   (helmet restricted)
rPois    .         Reflect  .   (no amulet)
rElec    .         Harm     .   (no ring)
rCorr    .         Rampage  .   (no ring)
Will     .....                  (no ring)
Stlth    ++++......             (no ring)
HPRegen  0.09/turn              (no ring)
MPRegen  0.11/turn              (no ring)
                                (no ring)
                                (no ring)

@: no status effects
A: almost no armour, amphibious, 8 rings, camouflage 1, gelatinous body 1,
(nimble swimmer 1), tentacles
a: no special abilities


You were on level 2 of the Dungeon.
You visited 1 branch of the dungeon, and saw 3 of its levels.

You collected 101 gold pieces.


Innate Abilities, Weirdness & Mutations

You cannot wear most types of armour.
You are amphibious.
You can wear up to eight rings at the same time.
Your skin changes colour to match your surroundings (Stealth+).
Your rubbery body absorbs attacks. (AC +1, EV +1)
((You are camouflaged near water. (Stealth+)))
You have tentacles for arms and can constrict up to eight enemies at once.


   Skills:
 - Level 2.0 Dodging
 + Level 5.1 Stealth
 + Level 3.4 Spellcasting
 - Level 1.0 Transmutations
 - Level 3.6 Poison Magic


You had 6 spell levels left.
You knew the following spells:

 Your Spells              Type           Power      Damage    Failure   Level
a - Sting                 Tmut/Pois      44%        1d5       6%          1
b - Poisonous Vapours     Pois/Air       18%        N/A       11%         2

Your spell library contained the following spells:

 Spells                   Type           Power      Damage    Failure   Level
 Animate Skeleton         Necr           6%         N/A       16%         1
 Pain                     Necr           12%        1d4       16%         1
 Ignite Poison            Fire/Tmut/Pois 8%         N/A       26%         3
 Mephitic Cloud           Conj/Pois/Air  7%         N/A       28%         3
 Olgreb's Toxic Radiance  Pois           16%        N/A       34%         4
 Tukima's Dance           Hex            3%         N/A       43%         3
 Vampiric Draining        Necr           1%         2d6       43%         3
 Passage of Golubria      Tloc           N/A        N/A       83%         4
 Yara's Violent Unravell  Hex/Tmut       2%         3d3       98%         5

Inventory:

Hand Weapons
 c - a +0 dagger {short}
   (You took it off a kobold on level 1 of the Dungeon)
 e - a +0 club {mace}
   (You took it off a goblin on level 1 of the Dungeon)
 f - a +0 club {mace}
   (You took it off a goblin on level 2 of the Dungeon)
 g - a +0 mace {mace}
   (You took it off an orc on level 2 of the Dungeon)
 h - a +0 club {mace}
   (You took it off an orc on level 2 of the Dungeon)
 i - a +0 dagger {short}
   (You took it off a kobold on level 2 of the Dungeon)
 n - a +0 spear {polearm}
   (You found it on level 2 of the Dungeon)
 q - a +0 short sword {short}
   (You took it off an orc on level 2 of the Dungeon)
Missiles
 d - 35 stones {throwing}
 j - 19 sling bullets
 k - 14 bolts
 m - 2 silver boomerangs {throwing}
Scrolls
 a - a scroll of vulnerability {unknown}
 b - 3 scrolls of identify {unknown}
Potions
 l - a potion of attraction {unknown}
 o - a potion of berserk rage {unknown}
 p - a potion of curing {unknown}

Dungeon Overview and Level Annotations

Branches:
Dungeon (3/15)

Altars:
Nemelex Xobeh

Shops:
D:1 :[: D:2

* #...##..# ##.......
#......#
###########.###.##
#######...........# #.##
#........โ€
........###.##
#.#####.########........
#.# #......## #@#
#..[.#### #h# #.#.##
#รท# #.#.# #.# #.#.# #.#
#.#.# #.# #.#.# #.#
#.#.. #.# #.### #.# #.#


You could see a jackal (very poisoned).


Message History

The bat hits you but does no damage. ๐Ÿ˜Ž HP[+1]
Your hp is fully restored (27).
The sting hits the bat.
The bat is poisoned.
You kill the bat! ๐Ÿ˜Ž MP[-1]
You lost 1 mp, and now have 8/9 mp.
(D) Dungeon
Where to? (Enter - D:4, ? - help) 2 jackals come into view.
A jackal comes into view.
The jackal moves out of view.
You can't see any susceptible monsters within range! (Use Z to cast anyway.)
The jackal barks!
The sting hits the jackal but does no damage.
The jackal is poisoned.
A jackal comes into view. ๐Ÿ˜Ž MP[-1]
You lost 1 mp, and now have 7/9 mp.
The sting misses the jackal.
The jackal barks! ๐Ÿ˜Ž MP[-1]
You lost 1 mp, and now have 6/9 mp.
The sting misses the jackal.
The jackal bites you. x2 ๐Ÿ˜• HP[-5]
You take 5 damage, and now have 22/27 hp.
The jackal bites you but does no damage.
The jackal closely misses you. ๐Ÿ˜• HP[+1]
The jackal looks more healthy.
The jackal barely misses you.
There is a stone staircase leading up, spattered with blood here.
The jackal bites you.
You climb upwards.
There is a stone staircase leading down, spattered with blood here. ๐Ÿ˜ฎ HP[-3] MP[+1]
You take 3 damage, and now have 20/27 hp.
You tentacle-slap the jackal but do no damage.
Your grab misses the jackal. The jackal bites you.
The jackal barely misses you. x3 ๐Ÿ˜ฎ HP[-2]
You take 2 damage, and now have 18/27 hp.
You closely miss the jackal. Your grab misses the jackal.
The jackal misses you. The jackal closely misses you.
You tentacle-slap the jackal but do no damage.
You grab the jackal.
You constrict the jackal, but do no damage.
The jackal bites you. x2 ๐Ÿ˜ฎ HP[-4]
You take 4 damage, and now have 14/27 hp.
You tentacle-slap the jackal. Your grab misses the jackal.
You constrict the jackal.
You kill the jackal!
The jackal bites you.
* * * LOW HITPOINT WARNING * * *
The jackal barely misses you. ๐Ÿ˜จ HP[-2]
You take 2 damage, and now have 12/27 hp.
You closely miss the jackal. Your grab misses the jackal. The jackal bites you.
* * * LOW HITPOINT WARNING * * *
๐Ÿ˜จ HP[-1]
You take 1 damage, and now have 11/27 hp.
You tentacle-slap the jackal but do no damage.
Your grab misses the jackal. Your squeeze misses the jackal.
The jackal bites you.
* * * LOW HITPOINT WARNING * * *
The jackal bites you.
* * * LOW HITPOINT WARNING * * *
๐Ÿ˜จ HP[-3]
You take 3 damage, and now have 8/27 hp.
You tentacle-slap the jackal but do no damage.
Your grab misses the jackal. The jackal bites you.
* * * LOW HITPOINT WARNING * * *
๐Ÿ˜จ HP[-1] MP[+1]
You take 1 damage, and now have 7/27 hp.
Unknown command.
You tentacle-slap the jackal but do no damage.
Your grab misses the jackal. The jackal bites you.
* * * LOW HITPOINT WARNING * * *
๐Ÿ˜ฑ HP[-3]
You take 3 damage, and now have 4/27 hp.
The jackal closely misses you.
Things that are here:
a +2 ring mail of cold resistance; a jackal corpse
Casting: Sting (safe; 6% risk of failure)
Confirm with . or Enter, or press ? or * to list all spells.
Aiming: Sting (safe; 6% risk of failure)
Press: ? - help, Shift-Dir - straight line, f - jackal
Aim: a jackal (lightly wounded, 64% to hit)
The sting hits the jackal.
The jackal is poisoned.
The jackal misses you. ๐Ÿ˜ฑ MP[-1]
You lost 1 mp, and now have 7/9 mp.
Casting: Sting (safe; 6% risk of failure)
Confirm with . or Enter, or press ? or * to list all spells.
Aiming: Sting (safe; 6% risk of failure)
Press: ? - help, Shift-Dir - straight line, f/p - jackal
Aim: a jackal (almost dead, poisoned, 64% to hit)
The sting hits the jackal but does no damage.
The jackal looks even sicker.
The jackal bites you.
* * * LOW HITPOINT WARNING * * *
The jackal bites you.
You die...

Skill      XL: |  1  2  3  4 |
---------------+-------------+-----
Stealth        | 3 4 5 |  5.1
Spellcasting   | 3 |  3.4
Dodging        | |  2.0
Transmutations | |  1.0
Poison Magic   | |  3.6

Action                   |  1- 3 |  4- 6 || total
-------------------------+-------+-------++-------
Melee: Unarmed           |    22 |    27 ||    49
       Tentacles         |     5 |     4 ||     9
       Constrict         |     3 |     7 ||    10
 Cast: Sting             |    41 |    33 ||    74
 Stab: Sleeping          |     1 |     1 ||     2
Armor: Skin              |     7 |     5 ||    12
Dodge: Dodged            |    42 |    40 ||    82

Levels and vault maps discovered:
D:1:      onia_arrival_mini_maze_b, layout_basic, serial_shops,
          nicolae_diamond_shop, shop_statue, shop, minmay_misc_feat_doors,
          minivault_23
D:2:      layout_loops_ring, serial_shops, nicolae_square_shop,
          hellmonk_ecumenical_altar_heavens_door
D:3:      layout_rooms, nemelex_diamond_rough_becter,
          biasface_ghost_orc_armoury, dk_noncrumbling_4, serial_park_tiny_pond,
          chequers_decorated_corner, kennysheep_donut, skrybe_limestone_x,
          kennysheep_jessica_study, uniq_ijyb

Notes
Turn   | Place    | Note
-------+----------+-------------------------------------------
     0 | D:1      | Sobieck the Octopode Venom Mage began the quest for the
                  | Orb.
     0 | D:1      | Reached XP level 1. HP: 11/11 MP: 3/3
     0 | D:1      | magus.rc [v1.9.6]
    23 | D:1      | Found Fotsinyrph's Book Boutique.
    51 | D:1      | Reached skill level 3 in Stealth
   220 | D:1      | HP: 2/11 [ball python (3)]
   223 | D:1      | Reached XP level 2. HP: 4/17 MP: 3/5
   665 | D:1      | Found Sitek's Antique Armour Emporium.
   813 | D:1      | Found Wiqut's Book Boutique.
   816 | D:1      | You add the spells Tukima's Dance, Passage of Golubria and
                  | Yara's Violent Unravelling to your library.
  1063 | D:1      | Reached XP level 3. HP: 21/21 MP: 2/6
  1099 | D:1      | Learned a level 2 spell: Poisonous Vapours
  1172 | D:2      | Reached skill level 4 in Stealth
  1644 | D:2      | HP: 4/21 [orc (3)]
  1904 | D:3      | Reached skill level 3 in Spellcasting
  1904 | D:3      | Reached XP level 4. HP: 27/27 MP: 4/8
  2033 | D:2      | Found a faded altar of an unknown god.
  2095 | D:2      | Found Vimop's General Store.
  2204 | D:2      | Reached skill level 5 in Stealth
  2254 | D:2      | You pick up a book of Necromancy and begin reading...
  2254 | D:2      | You add the spells Pain, Animate Skeleton and Vampiric
                  | Draining to your library.
  2768 | D:3      | Found a sparkling altar of Nemelex Xobeh.
  2822 | D:2      | HP: 4/27 [jackal (3)]
  2825 | D:2      | Slain by a jackal

Vanquished Creatures
  An orc priest (D:3)
  An adder (D:2)
  A worm (D:2)
  A dart slug (D:1)
  4 orcs
  6 ball pythons
  6 endoplasms
  A giant cockroach (D:2)
  2 goblins
  4 hobgoblins
  10 jackals
  2 kobolds
  4 bats
  5 rats
48 creatures vanquished.

Table legend:
 A = Non-vault XP
 B = Vault XP
 C = Vault XP percentage of total XP
 D = Non-vault monster count
 E = Vault monster count
 F = Vault count percentage of total count
                 A         B        C        D         E       F
            +---------+---------+-------+---------+---------+-------
      Total |     144 |       0 |   0.0 |      48 |       0 |   0.0
            +---------+---------+-------+---------+---------+-------
        D:1 |      34 |       0 |   0.0 |      19 |       0 |   0.0
        D:2 |      62 |       0 |   0.0 |      24 |       0 |   0.0
        D:3 |      48 |       0 |   0.0 |       5 |       0 |   0.0
            +---------+---------+-------+---------+---------+-------

Illustrated notes

Table legend:
 A = Kills in this place as a percentage of kills in entire the game.
 B = Kills by you in this place as a percentage of kills by you in the entire game.
 C = Kills by friends in this place as a percentage of kills by friends in the entire game.
 D = Other kills in this place as a percentage of other kills in the entire game.
 E = Experience gained in this place as a percentage of experience gained in the entire game.
 F = Experience gained in this place divided by the number of levels of this place that you have seen.
                   A       B       C       D       E      F
               +-------+-------+-------+-------+-------+----------------------
         Total | 100.0 | 100.0 |   N/A |   N/A | 100.0 |  48.0
       Dungeon | 100.0 | 100.0 |   N/A |   N/A | 100.0 |  48.0
               +-------+-------+-------+-------+-------+----------------------

Table legend: (Time is in decaauts)
 A = Elapsed time spent in this place.
 B = Non-inter-level travel time spent in this place.
 C = Inter-level travel time spent in this place.
 D = Time resting spent in this place.
 E = Time spent auto-exploring this place.
 F = Levels seen in this place.
 G = Mean time per level.
                   A        B        C        D        E       F      G
               +--------+--------+--------+--------+--------+-----+--------+
         Total |   2832 |   2778 |     54 |   1452 |    787 |   3 |  944.0 |
       Dungeon |   2832 |   2778 |     54 |   1452 |    787 |   3 |  944.0 |
               +--------+--------+--------+--------+--------+-----+--------+

Top non-repeatable levels by time:
     D:2: 1600 daAuts
     D:1: 1105 daAuts
     D:3: 127 daAuts
